[Event "GCT 9th Sinquefield Cup 2022"]
[White "Nepomniachtchi,Ian"]
[Black "Firouzja,Alireza"]
[Site "Saint Louis"]
[Round "2.1"]
[Annotator "TA"]
[Result "1-0"]
[Date "2022.09.03"]
[WhiteElo "2792"]
[BlackElo "2778"]
[PlyCount "99"]
[TimeControl "60"]

1. d4 Nf6 2. c4 e6 3. Nf3 d5 4. g3 dxc4 5. Bg2 a6 6. O-O Nc6 7. Qc2 {[%emt 0:0:45] E04:
Open Catalan: 5 Nf3.} (7. e3 $14 {feels stronger.} )Nxd4 $11 8. Nxd4 Qxd4 9. Nd2 {[%emt 0:0:19] The
position is equal.} c3 10. bxc3 Qc5 11. Ne4 Nxe4 12. Bxe4 Bd6 13. Rb1 f5 {[%emt 0:32:26] [#]} 14. Bg2 $146 ({Predecessor:} 14. Be3 Qc4 15. Bd3 Qc6 16. c4 b6 17. c5 bxc5 18. Rfc1 O-O 19. Rb3 Bb7 20. f3 {1-0 (41) Muthaiah,A (2427)-Joshi,G (2121)
Bhubaneswar 2019} )O-O 15. Be3 Qa5 16. c4 f4 17. Bd4 Be5 18. Qb2 Bxd4 19. Qxd4 e5 20. Qd5+ Qxd5 21. Bxd5+ Kh8 22. Bxb7 Rb8 23. Bxc8 Rfxc8 $14 {[%emt 0:0:6]
 Endgame KRR-KRR} 24. Rfd1 Kg8 25. Rxb8 Rxb8 {[%emt 0:0:7] KR-KR} 26. Rd5 Rb4 (26... fxg3 $11 {remains equal.} 27. fxg3 Rb4 )27. Rxe5 $16 fxg3 28. hxg3 Rxc4 {[%emt 0:0:8] [#]} 29. Ra5 $1 Rc6 30. Kg2 Kf7 31. f4 Ke7 32. e4 Rb6 (32... h6 $16 )33. Kf3 $18 Rc6 34. f5 Kf7 (34... Kf6 $16 )35. g4 h6 36. Kf4 Ke7 37. Ra4 Rb6 38. Rc4 {[%emt 0:0:30] Against Rc6} Kd8 39. e5 Rb1 (39... Rb7 $142 40. g5 hxg5+ 41. Kxg5 Ke8 )40. Rc6 Rb4+ 41. Kf3 {[%emt 0:30:12] [#] Black must now prevent Rg6.} Rb5 42. Ke4 Rb4+ 43. Kd5 Rxg4 44. Ke6 Kc8 45. Rxa6 Kb7 46. Ra3 {[%emt 0:0:0] Strongly
threatening Kf7.} Rg2 47. Kf7 Rf2 48. f6 Kc6 49. Kxg7 {[%emt 0:0:0]
White wants to mate with e6.} Kd7 50. Kf7 {[%emt 0:0:0]
Weighted Error Value: White=0.05 (flawless) /Black=0.70} 1-0

[Event "GCT 9th Sinquefield Cup 2022"]
[White "Niemann,Hans Moke"]
[Black "Mamedyarov,Shakhriyar"]
[Site "Saint Louis"]
[Round "2.2"]
[Annotator "TA"]
[Result "1-0"]
[Date "2022.09.03"]
[WhiteElo "2688"]
[BlackElo "2757"]
[PlyCount "98"]
[TimeControl "60"]

1. c4 e5 2. Nc3 Nf6 3. Nf3 Nc6 4. e4 Bc5 5. Nxe5 Nxe5 6. d4 Bb4 7. dxe5 Nxe4 $1 8. Qf3 $1 {[%emt 0:1:16] is currently scoring better than 8.Qd4. A28: English Opening: Four Knights
Variation.} Nxc3 9. bxc3 Ba5 10. Bf4 {[%emt 0:0:18] The position is equal.} O-O 11. O-O-O Qe7 {[%emt 0:0:8] [#] And now ...Qa3+ would win.} 12. Kb2 {[%emt 0:0:21]
 Against Qa3+} Rb8 13. Qe3 {[%emt 0:0:6] [#]} b6 $146 ({Predecessor:} 13... b5 14. c5 b4 15. c4 Bb7 16. h4 b3 17. a3 f6 18. Rh3 fxe5 19. Bxe5 d6 20. cxd6 cxd6 {1-0 (44) Nepomniachtchi,I
(2784)-Xiong,J (2709) Chess.com INT 2020} )14. Bd3 Qe6 15. Qg3 Re8 16. Rhe1 b5 17. c5 (17. cxb5 $11 g6 18. Re4 )b4 $15 18. c4 b3 19. axb3 Bxe1 20. Rxe1 a5 (20... d5 $15 21. cxd6 cxd6 )21. Bd2 {[%emt 0:2:47] A
strong pair of Bishops.} Ba6 ({Black should play} 21... Qe7 $11 )22. Qh4 $14 {[%emt 0:0:7] Dancing on a razor blade.} g6 23. Qd4 ({But not} 23. Bxa5 Qc6 24. e6 dxe6 $11 )Rb7 24. Bxa5 Reb8 25. b4 {[%emt 0:0:31]
 Active counter play!} Rxb4+ 26. Bxb4 Rxb4+ 27. Kc3 $1 Rb8 28. Be4 Qe8 29. Bd5 Bb7 30. Rb1 $36 {[%emt 0:1:22] White has the
initiative.} Ba8 (30... Bxd5 $14 31. Rxb8 Qxb8 32. cxd5 c6 )31. Rxb8 $16 Qxb8 32. Bxa8 Qxa8 33. Qxd7 {[%emt 0:0:21] Endgame KQ-KQ} Qa1+ $2 {[%emt 0:0:18] [#] Black cannot hold the game after this.} (33... Qa5+ $16 {is tougher.} 34. Kd3 Qxc5 )34. Kb4 $18 {[%emt 0:0:46] White
is clearly winning.} Qxe5 (34... Qb2+ $142 35. Ka5 Qxe5 )35. Kb5 h5 36. Kc6 Qxh2 37. Qd8+ Kh7 38. Qf6 Qxg2+ 39. Kxc7 Qe4 40. Qxf7+ Kh6 41. Qd5 Qe7+ 42. Kb6 Qf6+ 43. c6 Qxf2+ 44. Kb7 Qb2+ 45. Qb5 Qg2 46. Kb8 h4 47. c7 Qg3 48. Kb7 Qf3+ 49. Qd5 Qb3+ {[%emt 0:0:4] Weighted Error Value: White=0.06 
(flawless) /Black=0.35} 1-0

[Event "GCT 9th Sinquefield Cup 2022"]
[White "Aronian,Levon"]
[Black "Carlsen,Magnus"]
[Site "Saint Louis"]
[Round "2.3"]
[Annotator "TA"]
[Result "1/2-1/2"]
[Date "2022.09.03"]
[WhiteElo "2759"]
[BlackElo "2861"]
[PlyCount "72"]
[TimeControl "60"]

1. d4 Nf6 2. c4 e6 3. Nf3 Bb4+ 4. Bd2 Bxd2+ 5. Qxd2 d5 6. Nc3 O-O 7. e3 Qe7 8. Rc1 dxc4 {[%emt 0:3:45] E11: Bogo-Indian.} (8... Rd8 9. Qc2 a6 10. a3 Nbd7 11. Be2 dxc4 12. Bxc4 c5 13. Be2 b5 14. dxc5 Qxc5 15. b4 Qe7 16. O-O Bb7 17. a4 Qxb4 18. axb5 axb5 19. Qb1 Qxb1 20. Rxb1 Bxf3 21. Bxf3 {½-½ 
(31) Aronian,L (2809)-Carlsen,M (2872) London 2013 CBM 154 [Marin,M]} )9. Bxc4 c5 10. dxc5 Rd8 {[%emt 0:0:0] Prevents Qd6. White has an edge.} 11. Qe2 Qxc5 12. O-O Nc6 {[%emt 0:2:4] [#]} 13. Bb3 $146 {[%emt 0:7:18][%cal Yc3d5,Yc4b3,Yb3d1,Yd1f3,Yf3e4]
 The position is
equal.} ({Predecessor:} 13. Rfd1 Bd7 14. Bd3 Qh5 15. Ne4 Nxe4 16. Bxe4 Be8 17. Rxd8 Rxd8 18. Rd1 Rxd1+ 19. Qxd1 {½-½ (30) Megaranto,S (2529)-Antonio,R 
(2541) Tagaytay City 2013} )Qa5 {[%emt 0:13:36] Inhibits Nd5.} 14. Qc4 Ne5 15. Nxe5 Qxe5 16. Bd1 Bd7 17. Bf3 Rac8 18. Qb4 b6 19. Rfd1 Qc5 20. Qxc5 Rxc5 21. Ne4 Nxe4 22. Bxe4 {[%emt 0:0:3]
[#] Strongly threatening Rxc5.} Rxc1 23. Rxc1 Rc8 24. Rxc8+ Bxc8 $11 {[%emt 0:0:2] Endgame KB-KB} 25. f4 h6 26. Kf2 Kf8 27. Ke1 Ke7 28. Kd2 Kd6 29. g3 e5 30. a3 f6 31. Kc3 Kc5 32. b4+ Kd6 33. Kc4 Ba6+ 34. Kc3 Bc8 35. Kc4 Ba6+ 36. Kc3 Bc8 {[%emt 0:0:5] A balanced but interesting game.  Weighted
Error Value: White=0.03 (flawless) /Black=0.01 (flawless)} 1/2-1/2

[Event "GCT 9th Sinquefield Cup 2022"]
[White "Vachier-Lagrave,Maxime"]
[Black "So,Wesley"]
[Site "Saint Louis"]
[Round "2.4"]
[Annotator "TA"]
[Result "1/2-1/2"]
[Date "2022.09.03"]
[WhiteElo "2757"]
[BlackElo "2771"]
[PlyCount "86"]
[TimeControl "60"]

1. e4 e5 2. Nf3 Nc6 3. Bb5 Nf6 4. O-O Nxe4 5. d4 Nd6 6. Bxc6 dxc6 7. dxe5 Nf5 8. Qxd8+ Kxd8 9. Nc3 Ke8 10. h3 h5 {[%emt 0:0:6] C67: Ruy Lopez: Berlin
Defence: 4 0-0 Nxe4.} 11. Bf4 Be7 12. Rad1 Nh4 {[%emt 0:0:20] aiming for ...Nxf3+.} 13. Nd4 Nf5 14. Nce2 g5 {[%emt 0:0:0] [#] White must now prevent ...Nxd4.} 15. Bh2 Rh6 16. Rfe1 Rg6 17. Nxf5 Bxf5 18. Nd4 Bd7 (18... Be6 $5 )19. e6 Bxe6 {[%emt 0:3:59] [#]} 20. Nxe6 $146 (20. Bxc7 {seems wilder.} Bd7 21. Re5 Rc8 22. Ba5 )({
Predecessor:} 20. Bxc7 Bd7 21. Re5 Kf8 22. Nf5 Bxf5 23. Rxf5 {½-½ (23)
Shpakovsky,A (2531)-Voll,A (2572) ICCF email 2015} )Rxe6 21. Rxe6 fxe6 22. Bxc7 $11 {[%emt 0:0:8]
 Endgame KRB-KRB} Bf6 23. Kf1 a5 24. a4 b5 25. b3 Ra7 26. Bb6 Rb7 27. Bxa5 bxa4 28. bxa4 {[%emt 0:0:9] Threatens
to win with Rd6.} Rb2 29. c3 (29. Ke2 $16 )Ra2 30. Rd6 Rxa4 31. Bb4 ({Not} 31. Rxe6+ $2 Kf7 32. Rxf6+ Kxf6 $19 )c5 32. Bxc5 Bxc3 33. Rxe6+ Kf7 34. Re7+ Kf6 35. Rc7 {[%emt 0:1:26] And now Be7+ would win.} Bd4 {[%emt 0:0:0] [#]} 36. Ra7 $1 Rc4 37. Ra6+ Kf7 38. Bxd4 Rxd4 $14 {[%emt 0:0:3]
KR-KR} 39. Ra7+ Kg6 40. Ra6+ Kg7 41. Ra7+ Kg6 42. Ra6+ Kg7 43. Ra7+ Kg6 {[%emt 0:0:0] Weighted Error Value: White=0.10 (very precise) /Black=0.07 (flawless)} 1/2-1/2

[Event "GCT 9th Sinquefield Cup 2022"]
[White "Caruana,Fabiano"]
[Black "Dominguez Perez,Leinier"]
[Site "Saint Louis"]
[Round "2.5"]
[Annotator "TA"]
[Result "1/2-1/2"]
[Date "2022.09.03"]
[WhiteElo "2758"]
[BlackElo "2745"]
[PlyCount "92"]
[TimeControl "60"]

1. e4 e5 2. Nf3 Nf6 3. Nxe5 d6 4. Nf3 Nxe4 5. Nc3 Nxc3 6. dxc3 Be7 7. Be3 O-O 8. Qd2 {[%emt 0:0:0] C42: Petroff Defence: 3 Nxe5 and unusual White 3rd moves.} Nd7 9. O-O-O Nf6 10. Bd3 Re8 {[%emt 0:0:7] is cutting edge theory.} 11. h3 c5 12. g4 {[%emt 0:0:45] [#]} Qa5 $146 ({
Predecessor:} 12... Be6 13. g5 Nd5 14. h4 Nxe3 15. Qxe3 d5 16. Ne5 Bd6 17. f4 Qc7 18. Qg3 Rad8 {½-½ (33) Pirs,M (2510)-Bondars,G (2423) ICCF email 2017} )13. a3 d5 14. c4 Qa4 15. c3 dxc4 16. Bc2 Qa6 {[%emt 0:0:40] Strongly threatening ...Be6.} 17. g5 Nh5 18. Ne5 Be6 19. f4 Ng3 {[%emt 0:4:6]
Against f5} 20. Rhe1 Nf5 21. Bxc5 Bxc5 22. Bxf5 Bxf5 23. Qd5 Bf2 (23... Bxh3 $2 24. g6 (24. Qxc5 Rac8 $11 )Rf8 25. gxf7+ (25. Qxc5 hxg6 26. Rd6 Rfc8 $18 )Kh8 26. Qxc5 $16 )(23... Rxe5 $2 24. Rxe5 g6 25. Qxc5 $18 )24. Qxf7+ Kh8 25. Qxf5 Bxe1 26. Rxe1 Rf8 $2 (26... Rad8 $1 $11 {
and Black is okay.} )27. Qe4 $2 ({White has to play} 27. Qd7 $1 $18 )Rad8 (27... Qe6 $1 $14 )28. f5 $16 {[%emt 0:0:0] White has strong compensation. White is more active.} b5 29. Nc6 $1 ({But not} 29. Qh4 $6 Kg8 $14 )Rc8 {[%emt 0:6:43] [#]} (29... Ra8 $16 )30. Ne7 $1 $18 {[%emt 0:0:41]
 Black must now prevent f6.} ({Weaker is} 30. Nd4 Qd6 $11 )Rce8 {[%emt 0:2:27] [#]} (30... Rcd8 {was necessary.} )31. Qh4 $2 ({Only move:} 31. f6 $1 $18 {[%cal Rf6g7] White threatens fxg7+ and mate.} Qd6 32. fxg7+ Kxg7 33. Nf5+ Rxf5 34. Qxe8 )Qd6 $11 {[%emt 0:1:8] [#]} 32. Re4 {[%emt 0:17:15] Threatens to win with Ng6+.} Rd8 $1 (32... Rxe7 $2 33. g6 h6 34. Qxe7 Qxe7 35. Rxe7 $18 )33. Ng6+ Kg8 34. Rd4 {[%emt 0:0:31]
 Prevents Qd1+. The board is on fire.} hxg6 35. Rxd6 Rxd6 36. fxg6 Rxg6 {[%emt 0:0:37]
 Endgame KQ-KRR} 37. a4 (37. Qh5 $5 Rd6 38. Qe2 $14 )a6 (37... Rf1+ $11 38. Kd2 (38. Kc2 Re6 $11 )Rd6+ 39. Ke2 Rf8 )38. Qg3 ({
White should play} 38. Qh5 $1 $14 Rf1+ 39. Kc2 )Re6 {[%emt 0:0:31] The
position is equal.} 39. axb5 axb5 40. g6 Rff6 41. Qb8+ Rf8 42. Qxb5 Rf1+ 43. Kd2 Rf2+ 44. Kd1 Rf1+ 45. Kd2 Rf2+ 46. Kd1 Rf1+ {[%emt 0:0:0] Weighted Error Value: White=0.17 (very precise) /Black=0.23 (precise)} 1/2-1/2